Map: Dash and Terminal LE (Void)

Players

SolaCe (Nina) - Winner!

  • Race: Protoss Protoss
  • League: Master

dipwood

  • Race: Protoss Protoss
  • League: Master

Event: ASL Season 5 Prime League LOTV Beta

VOD

https://www.youtube.com/watch?v=sEpnzln9sy4

Description

Time

  • Played on: Sept. 10, 2015, 10:02 p.m.
  • Length: 5:51

All games in this series

Show
View Real Time Build Order
Export as new Build Order

SolaCe Protoss - Winner!

Build Orders:  

Get SALT Encoding   

  12  0:00  Probe (Chrono Boost)  
  13  0:10  Probe (Chrono Boost)  
  14  0:19  Pylon  
  14  0:21  Probe (Chrono Boost)  
  15  0:37  Probe (Chrono Boost)  
  15  0:38  Gateway  
  16  0:47  Probe (Chrono Boost)  
  16  0:49  Assimilator  
  17  0:52  Assimilator  
  17  0:57  Probe (Chrono Boost)  
  18  1:05  Gateway  
  18  1:08  Probe (Chrono Boost)  
  19  1:18  Probe (Chrono Boost)  
  20  1:27  Cybernetics Core  
  20  1:28  Probe (Chrono Boost)  
  21  1:37  Pylon  
  21  1:38  Probe (Chrono Boost)  
  22  1:49  Probe (Chrono Boost)  
  23  2:03  Mothership Core (Chrono Boost)  
  23  2:06  Stalker, Warp Gate (Chrono Boost)  
  23  2:07  Stalker  
  29  2:17  Pylon  
  29  2:21  Probe (Chrono Boost)  
  30  2:31  Probe (Chrono Boost)  
  31  2:40  Stalker x2  
  35  2:52  Pylon  
  35  2:54  Pylon  
  34  3:17  Pylon  
  34  3:18  Pylon  
  34  3:19  Probe  
  32  3:20  Pylon  
  32  3:24  Pylon  
  32  3:55  Mothership Core  
  28  4:10  Robotics Facility  
  28  4:12  Pylon  
  28  4:14  Gateway  
  28  4:16  Gateway  
  28  4:21  Stalker  
  30  4:24  Stalker  
  30  4:29  Pylon  
  30  4:56  Stalker x2  
  32  5:11  Probe  
  31  5:15  Observer  
  31  5:18  Pylon  
  32  5:22  Stalker, Pylon  
  32  5:23  Probe  
  35  5:31  Stalker  
  37  5:42  Stalker  
Show
View Real Time Build Order
Export as new Build Order

dipwood Protoss 

Build Orders:  

Get SALT Encoding   

  12  0:00  Probe (Chrono Boost)  
  13  0:13  Pylon  
  13  0:17  Probe (Chrono Boost)  
  14  0:27  Probe (Chrono Boost)  
  15  0:34  Gateway  
  15  0:39  Assimilator  
  15  0:43  Probe (Chrono Boost)  
  16  0:53  Probe (Chrono Boost)  
  17  1:00  Gateway  
  17  1:03  Probe (Chrono Boost)  
  18  1:13  Probe (Chrono Boost)  
  19  1:25  Cybernetics Core  
  19  1:26  Probe (Chrono Boost)  
  19  1:31  Assimilator  
  20  1:35  Pylon  
  20  1:36  Probe (Chrono Boost)  
  21  1:48  Probe (Chrono Boost)  
  22  2:01  Adept (Chrono Boost)  
  22  2:03  Mothership Core  
  22  2:04  Adept (Chrono Boost)  
  28  2:11  Warp Gate (Chrono Boost)  
  28  2:16  Pylon  
  28  2:24  Probe  
  29  2:36  Probe  
  30  2:38  Twilight Council  
  30  2:51  Nexus  
  32  3:06  Stalker (Chrono Boost)  
  32  3:09  Stalker (Chrono Boost)  
  34  3:22  Pylon  
  34  3:24  Pylon  
  34  3:25  Pylon  
  32  3:29  Pylon  
  32  3:32  Pylon  
  25  4:12  Mothership Core  
  23  4:18  Stalker x2  
  27  4:24  Gateway  
  27  4:26  Gateway  
  27  4:43  Stalker  
  27  4:44  Stalker  
  23  5:11  Stalker  
  25  5:27  Stalker  
Tags
 
Add a new tag
Caveats
  • Supply blocks, unpowered buildings, or Contaminate may cause inaccurate times.
  • Supply counts are checked every 10 seconds.